 Dungeon Crawl Stone Soup version 0.31-a0-196-g86fe4a5e66 (webtiles) character file.

Game seed: 11124785845754853186

218555 Monkooky the End of an Era (level 18, -46/121 (122) HPs)
             Began as a Demonspawn Monk on June 25, 2023.
             Was the Champion of Qazlal.
             Blown up by a lich (79 damage)
             ... with an orb of destruction
             ... on level 3 of the Abyss.
             The game lasted 01:48:12 (25458 turns).

Monkooky the End of an Era (Demonspawn Monk)       Turns: 25458, Time: 01:48:13

HP:   -46/121 (122) AC: 36    Str: 15    XL:     18   Next: 42%
MP:   3/31          EV: 20    Int: 12    God:    Qazlal [******]
Gold: 927           SH: 27    Dex: 32    Spells: 17/28 levels left

rFire   + . .        V - +7 scimitar of War {vamp, rPois rF+}
rCold   + . .        E - +0 kite shield
rNeg    . . .        X - +0 swamp dragon scales
rPois   +            a - +2 helmet
rElec   +            (cloak unavailable)
rCorr   .            A - +2 pair of gloves
SInv    .            z - +2 pair of boots
Will    +++..        p - amulet of regeneration
Stlth   +            n - +6 ring of dexterity
HPRegen 1.20/turn    G - +6 ring of dexterity
MPRegen 0.22/turn

%: repel missiles
@: sanguine armoured, enlightened, flying, lightly drained, unable to drink
A: icemail 2, sanguine armour 2, condensation shield, demonic magic 1, weakness
stinger 3, cold resistance 1, frail 1, strong-willed 1, electricity resistance,
inability to drink after injury 1
}: 1/15 runes: abyssal
a: Renounce Religion, Upheaval, Elemental Force, Disaster Area


You were on level 3 of the Abyss.
You worshipped Qazlal.
Qazlal was exalted by your worship.
You visited 6 branches of the dungeon, and saw 25 of its levels.
You visited the Abyss 3 times.
You also visited: Ossuary, Bailey, Gauntlet, Volcano and Desolation.

You collected 2401 gold pieces.
You spent 1474 gold pieces at shops.

Inventory:

Hand Weapons
 h - a +4 scimitar of flaming
 i - a +1 triple sword of holy wrath
 x - a +5 demon blade
 V - the +7 scimitar of War (weapon) {vamp, rPois rF+}
   (You took it off a servant of whispers in the Desolation of Salt)

   rF:        It protects you from fire.
   rPois:     It protects you from poison.
Missiles
 r - 4 silver javelins
 y - a throwing net
 N - 7 curare-tipped darts
 T - 6 javelins
Armour
 a - a +2 helmet (worn)
 z - a +2 pair of boots (worn)
 A - a +2 pair of gloves (worn)
 C - +0 storm dragon scales
 E - a +0 kite shield (worn)
 X - +0 swamp dragon scales (worn)
Jewellery
 f - a +4 ring of protection
 n - a +6 ring of dexterity (left hand)
 o - the ring of Beexe {Fire rElec rPois Dex-3 Stlth+}
   (You found it in the Desolation of Salt)

   [ring of fire]

   It enhances your fire magic.
   Dex:       It affects your dexterity (-3).
   rF:        It protects you from fire.
   rC:        It makes you vulnerable to cold.
   rElec:     It insulates you from electricity.
   rPois:     It protects you from poison.
   Stlth:     It makes you more stealthy.
 p - an amulet of regeneration (around neck)
 F - a ring of protection from fire
 G - a +6 ring of dexterity (right hand)
Wands
 c - a wand of mindburst (8)
 s - a wand of flame (70)
 u - a wand of acid (7)
 B - a wand of iceblast (23)
 H - a wand of digging (22)
 M - a wand of paralysis (14)
Scrolls
 d - 6 scrolls of teleportation
 e - 3 scrolls of fear
 q - 3 scrolls of immolation
 w - a scroll of revelation
 J - 5 scrolls of vulnerability
 L - 4 scrolls of summoning
 O - a scroll of identify
 P - 3 scrolls of blinking
 Q - a scroll of noise
 R - 3 scrolls of fog
 S - 2 scrolls of poison
 Z - 4 scrolls of enchant armour
Potions
 b - 3 potions of lignification
 j - 3 potions of curing
 l - 8 potions of heal wounds
 m - 7 potions of haste
 t - 4 potions of brilliance
 v - a potion of berserk rage
 D - 4 potions of invisibility
 I - a potion of cancellation
 U - 3 potions of might
 W - 3 potions of enlightenment
Miscellaneous
 g - a condenser vane (inert)
 k - a sack of spiders (inert)
 Y - a phial of floods (inert)


   Skills:
 - Level 10.8 Fighting
 - Level 1.8(9.2) Short Blades
 - Level 13.9(14.0) Long Blades
 - Level 6.0 Throwing
 - Level 8.4 Armour
 - Level 10.0 Dodging
 - Level 4.3 Stealth
 - Level 9.1 Shields
 - Level 3.3 Unarmed Combat
 - Level 5.9 Spellcasting
 - Level 8.6 Translocations
 - Level 8.3 Air Magic
 * Level 19.2 Invocations
 - Level 10.0 Evocations


You had 17 spell levels left.
You knew the following spells:

 Your Spells              Type           Power      Damage    Failure   Level
a - Blink                 Tloc           48%        N/A       3%          2
b - Vhi's Electric Charg  Tloc/Air       46%        N/A       7%          3
c - Lesser Beckoning      Tloc           48%        N/A       3%          2
d - Passage of Golubria   Tloc           24%        N/A       21%         4

Your spell library contained the following spells:

 Spells                   Type           Power      Damage    Failure   Level
 Momentum Strike          Conj/Tloc      26%        3d8       19%         2
 Mephitic Cloud           Conj/Pois/Air  10%        N/A       56%         3
 Foxfire                  Conj/Fire      12%        2x1d4     58%         1
 Freeze                   Ice            12%        1d3       58%         1
 Necrotise                Necr           12%        1d4       58%         1
 Sandblast                Erth           6%         2d5       58%         1
 Ensorcelled Hibernation  Hex/Ice        6%         N/A       75%         2
 Passwall                 Tmut/Erth      2%         N/A       75%         2
 Sublimation of Blood     Necr           3%         N/A       75%         2
 Wereblood                Tmut           3%         N/A       75%         2
 Iskenderun's Mystic Bla  Conj/Tloc      13%        2d5       77%         4
 Frozen Ramparts          Ice            6%         1d1       92%         3
 Hailstorm                Conj/Ice       3%         3d3       92%         3
 Spider Form              Tmut/Pois      3%         N/A       92%         3
 Stone Arrow              Conj/Erth      6%         3d7       92%         3
 Summon Guardian Golem    Hex/Summ       3%         N/A       92%         3
 Tukima's Dance           Hex            3%         N/A       92%         3
 Arcjolt                  Conj/Air       6%         1d16      98%         5
 Summon Forest            Summ/Tloc      6%         N/A       98%         5
 Anguish                  Hex/Necr       1%         N/A       100%        4
 Animate Armour           Summ/Erth      6%         N/A       100%        4
 Dispel Undead            Necr           3%         3d7       100%        4
 Ice Form                 Ice/Tmut       3%         N/A       100%        4
 Petrify                  Tmut/Erth      3%         N/A       100%        4
 Summon Ice Beast         Ice/Summ       3%         N/A       100%        4
 Blade Hands              Tmut           1%         N/A       100%        5
 Fireball                 Conj/Fire      1%         3d3       100%        5
 Irradiate                Conj/Tmut      1%         3d12      100%        5
 Iskenderun's Battlesphe  Conj           3%         2d6       100%        5
 Metabolic Englaciation   Hex/Ice        1%         N/A       100%        5
 Yara's Violent Unravell  Hex/Tmut       1%         3d3       100%        5
 Conjure Ball Lightning   Conj/Air       6%         3x3d6     100%        6
 Plasma Beam              Fire/Air       6%         2x1d17    100%        6
 Starburst                Conj/Fire      1%         6d3       100%        6
 Statue Form              Tmut/Erth      2%         N/A       100%        6
 Dragon Form              Tmut           1%         N/A       100%        7
 Orb of Destruction       Conj           1%         9d5       100%        7
 Spellforged Servitor     Conj/Summ      1%         N/A       100%        7
 Summon Hydra             Summ           1%         N/A       100%        7
 Borgnjor's Revivificati  Necr           1%         N/A       100%        8
 Lehudib's Crystal Spear  Conj/Erth      1%         10d2      100%        8
 Necromutation            Tmut/Necr      1%         N/A       100%        8
 Chain Lightning          Conj/Air       6%         3d8       100%        9
 Fire Storm               Conj/Fire      1%         8d1       100%        9


Dungeon Overview and Level Annotations

Branches:
Dungeon (13/15)            Temple (1/1) D:4            Lair (5/5) D:10
 Shoals (0/4) Lair:2        Snake (1/4) Lair:3        Slime (0/5) Lair:4
    Orc (2/2) D:12            Elf (3/3) Orc:2       Ossuary (visited)
 Bailey (visited)         Volcano (visited)         Desolation (visited)
Gauntlet (visited)
 Vaults: D:13-14

Altars:
Ashenzari
Cheibriados
Dithmenos
Fedhas
Gozag
Hepliaklqana
Kikubaaqudgha
Makhleb
Nemelex Xobeh
Okawaru
Qazlal
Ru
Sif Muna
Trog
Uskayaw
Vehumet
Wu Jian
Xom
Yredelemnul
Jiyva

Shops:
D:8 *   D:12 [(   Orc:2 !:**   Elf:1 :   Elf:2 ?

Annotations:
D:7 2 transporters, lessens's ghost, novice MfCA
D:8 3 runed translucent doors, Lance11888's ghost, novice DrWn
Lair:1 exclusion: downstairs
Elf:2 6 runed translucent doors, Aseqaof's ghost, journeyman GnWn


Innate Abilities, Weirdness & Mutations

A meltable icy envelope protects you from harm. (AC +8)
When seriously injured, your blood forms thick armour. (AC +9)
A meltable shield of frost defends you. (SH +4)
Spells you cast may paralyse adjacent enemies.
You have a sharp stinger which inflicts weakening toxins.
Your flesh is cold resistant. (rC+)
You are frail. (-10% HP)
You are strong-willed. (Will+)
You are resistant to electric shocks. (rElec)
You occasionally lose the ability to drink potions when taking damage.


Message History

The water elemental is engulfed in freezing vapours.
You destroy the water elemental!
Qazlal accepts your kill. You block the dire elephant's attack.
The dire elephant trunk-slaps you but does no damage.
You slash the iron imp!
You kill the iron imp!
Qazlal accepts your kill.
The lich mumbles some strange words.
The lich seems to speed up.
You block something's attack. The dire elephant closely misses you.
The dire elephant trunk-slaps you.
The water elemental is engulfed in freezing vapours.
The water elemental is engulfed in freezing vapours.
Something touches you.
You feel drained.
Your magical contamination has completely faded away.
Unknown command.
You block something's attack.
A lurking horror comes into view.
There is a runelight here.
The water elemental is engulfed in blazing flames.
You destroy the water elemental!
Qazlal accepts your kill.
Your body is wracked with pain!
Your blood congeals into armour.
The dire elephant convulses!
The water nymph convulses!
The raiju convulses!
Unknown command.
Something touches you but does no damage.
Something conjures a glowing orb.
An orb of destruction comes into view.
There is a runelight here.
You hear a screech!
You hear some strange, mumbled words.
A bolt of cold appears from out of thin air!
The bolt of cold hits you! You resist.
You feel threatened and lose the ability to drink potions!
The starcursed mass shrieks in your mind.
* * * LOW HITPOINT WARNING * * *
Unknown command.
The orb of destruction hits you!!!!
Ouch! That really hurt!
You die...
Xom bursts into laughter!

##.#~ R.# h #.♣
#.2~Z♣.# 4§.##.~
....#..L♣###e###≈.
##.. #.Rh~##.he##
#Z# ####m##...# ~#
. #..⌠## # ⌠##
..###.Y# #### #
#...~#{#######X#
#..##...°○○@†∩†#
#.....##.○..###.).#
#..#. #_#○## .. .
#.#. ....#.# ...
#...#..÷#.### .## #
..#..##># ..#.#.
÷.. ##.. ### #


You could see a starcursed mass.

Vanquished Creatures
  4 tentacled starspawn
  A thorn hunter (Abyss:3)
  2 imperial myrmidons (Desolation)
  4 deep elf sorcerers
  An angel (Abyss:2)
  2 deep elf elementalists
  An ophan (Abyss:3)
  4 deep elf demonologists
  A yellow draconian (Abyss:3)
  5 deep elf annihilators
  A minotaur (Gauntlet)
  The ghost of innerfire43 the Severer, a journeyman DsMo of Wu Jian (D:13)
  4 halazid warlocks (Desolation)
  Azrael (Orc:2)
  A deep elf death mage (Elf:3)
  An ettin (Orc:1)
  A crystal guardian (Desolation)
  6 ragged hierophants (Desolation)
  A great orb of eyes (Abyss:3)
  7 servants of whispers (Desolation)
  7 peacekeepers (Desolation)
  A ghost crab (Gauntlet)
  A rakshasa (Abyss:3)
  4 hydras
  2 catoblepae (Lair:5)
  A hell beast (Gauntlet)
  18 dancing weapons
  An anaconda (Snake:1)
  3 boulder beetles
  2 centaur warriors (D:13)
  A deep troll shaman (Lair:5)
  9 two-headed ogres
  3 naga warriors (Snake:1)
  4 hell hogs (Abyss:3)
  A naga sharpshooter (Snake:1)
  8 death yaks
  A satyr (Abyss:3)
  A shock serpent (Snake:1)
  A thrashing horror (Abyss:3)
  7 large abominations
  Urug (Lair:2)
  3 orc high priests (Orc:2)
  Sonja (D:11)
  A skyshark (Lair:2)
  Nergalle (Lair:2)
  15 deep elf knights
  4 wretched stars
  A shadow wraith (Abyss:2)
  A goliath frog (shapeshifter) (Abyss:3)
  An orb spider (Abyss:3)
  2 naga ritualists (Snake:1)
  3 lindwurms
  19 deep elf archers
  3 ironbound convokers (Desolation)
  7 orc knights
  13 starcursed masses
  31 deep elf zephyrmancers
  2 ugly things (D:13)
  10 orc sorcerers
  35 deep elf pyromancers
  6 mana vipers (Snake:1)
  3 salamanders (Snake:1)
  5 cyclopes
  2 manticores
  5 worldbinders
  A toenail golem (Volcano)
  4 elephants (Lair:5)
  Maurice (D:8)
  5 guardian serpents
  A torpor snail (Lair:5)
  12 black mambas
  A gargoyle (D:12)
  7 cane toads
  2 smoke demons (Abyss:2)
  2 unseen horrors
  4 molten gargoyles (Volcano)
  2 merfolk sirens (Lair:2)
  A water nymph (Abyss:3)
  Maggie (D:8)
  4 rime drakes
  4 efreet
  10 komodo dragons
  A kobold demonologist (D:12)
  2 merfolk (Lair:2)
  A troll (shapeshifter) (Elf:3)
  An ancient zyme (Abyss:3)
  4 trolls
  46 saltlings (Desolation)
  5 polar bears
  12 blink frogs
  6 raiju (Abyss:3)
  A hydra skeleton (Abyss:3)
  A raiju (shapeshifter) (Orc:2)
  6 dream sheep (Lair:3)
  13 slime creatures
  3 air elementals
  Sigmund (D:2)
  4 wyverns
  A ynoxinul (Abyss:2)
  43 yaks
  11 fire elementals
  4 water elementals
  4 wraiths
  Eustachio (D:6)
  A basilisk (D:13)
  3 neqoxecs
  2 chaos spawn
  Grum (D:8)
  A basilisk (shapeshifter) (Elf:3)
  3 steam dragons
  7 vampire mosquitoes
  A golden eye (Abyss:2)
  Menkaure (D:7)
  A warg (Orc:2)
  8 nagas (Snake:1)
  An acid dragon (D:12)
  A swamp worm (shapeshifter) (Elf:3)
  3 hell hounds
  20 water moccasins
  29 orc warriors
  An ice beast (D:8)
  7 ogres
  2 black bears
  18 wolves
  A phantom (D:6)
  6 centaurs
  4 kobold brigands
  16 bullfrogs
  3 gnoll sergeants
  2 scorpions
  4 earth elementals
  9 wights
  21 killer bees
  3 electric eels
  3 howler monkeys
  2 jellies
  10 orc priests
  2 sleepcaps
  5 hounds
  An iron imp (Abyss:3)
  2 gnoll boudas
  5 iguanas
  Ijyb (D:3)
  Natasha (twice) (D:4)
  Terence (D:2)
  22 orc wizards
  7 small abominations
  4 mummies (Ossuary)
  18 gnolls
  8 adders
  A shadow imp (D:6)
  2 ufetubi
  7 worms
  A dart slug (D:1)
  66 orcs
  5 bats
  6 endoplasms
  2 giant cockroaches
  5 gnoll zombies (Ossuary)
  7 goblins
  9 hobgoblins
  4 jackals (D:5)
  3 quokkas
  2 ball pythons (D:3)
  2 frilled lizards (D:3)
  5 gnoll skeletons (Ossuary)
  2 goblin skeletons (Ossuary)
  4 goblin zombies (Ossuary)
  6 hobgoblin skeletons (Ossuary)
  7 hobgoblin zombies (Ossuary)
  25 kobolds
  6 kobold skeletons (Ossuary)
  3 kobold zombies (Ossuary)
  4 orc skeletons (Ossuary)
  3 orc zombies (Ossuary)
  5 rats
  2 rat skeletons (Ossuary)
  3 rat zombies (Ossuary)
  3 fire vortices (Volcano)
  3 starspawn tentacles
1009 creatures vanquished.

Vanquished Creatures (collateral kills)
  Rupert (Lair:4)
  2 servants of whispers (Desolation)
  A peacekeeper (Desolation)
  A death yak (Lair:2)
  An orc high priest (Orc:2)
  A phantasmal warrior (D:13)
  An orc sorcerer (Orc:2)
  An apocalypse crab (Abyss:2)
  3 saltlings (Desolation)
  3 yaks (Lair:2)
  An orc warrior (Orc:2)
16 creatures vanquished.

Vanquished Creatures (others)
  A deep elf sorcerer (Elf:3)
  A deep elf knight (Elf:2)
  A deep elf zephyrmancer (Elf:2)
  A deep elf pyromancer (Elf:3)
  A raiju (Abyss:3)
  A fire elemental (Elf:1)
  A large abomination (Abyss:3)
  An ufetubus (D:7)
  A lurking horror (Abyss:3)
  21 starspawn tentacles
30 creatures vanquished.

Grand Total: 1055 creatures vanquished

Notes
Turn   | Place    | Note
-------+----------+-------------------------------------------
     0 | D:1      | Monkooky the Demonspawn Monk began the quest for the Orb.
     0 | D:1      | Reached XP level 1. HP: 18/18 MP: 1/1
   182 | D:1      | Gained mutation: You have a small tail. [demonic ancestry]
   182 | D:1      | Reached XP level 2. HP: 18/24 MP: 2/2
   355 | D:1      | Found a faded altar of an unknown god.
   363 | D:1      | Prayed at the altar of an unknown god.
   363 | D:1      | Became a worshipper of Xom of Chaos
   364 | D:1      | Fell from the grace of Xom
  1154 | D:2      | Reached XP level 3. HP: 8/29 MP: 3/3
  1306 | D:2      | XOM: give mutations
  1306 | D:2      | Gained mutation: You occasionally lose the ability to drink
                  | potions when taking damage. [Xom's mischief]
  1306 | D:2      | Gained mutation: You are vulnerable to cold. (rC-) [Xom's
                  | mischief]
  1435 | D:2      | XOM: 2-stop teleportation journey
  1475 | D:2      | Noticed Terence
  1489 | D:2      | Killed Terence
  1490 | D:2      | Reached XP level 4. HP: 28/38 MP: 4/4
  1504 | D:2      | XOM: torment (17/38 hp)
  1528 | D:2      | Noticed Sigmund
  1543 | D:2      | HP: 1/38 [Sigmund/+0 scythe (8)]
  1550 | D:2      | Killed Sigmund
  1551 | D:2      | Gained mutation: A meltable shield of frost defends you.
                  | (SH +4) [demonic ancestry]
  1551 | D:2      | Reached XP level 5. HP: 23/46 MP: 5/5
  1874 | D:3      | Noticed Ijyb
  1880 | D:3      | Paralysed by Ijyb for 5 turns
  1884 | D:3      | XOM: enchant monster (bad)
  1886 | D:3      | Killed Ijyb
  1890 | D:3      | Reached XP level 6. HP: 45/53 MP: 6/6
  1965 | D:3      | XOM: give mutations
  1965 | D:3      | Gained mutation: You are occasionally teleported next to
                  | monsters. [Xom's mischief]
  1965 | D:3      | Gained mutation: You have a pair of small horns on your
                  | head. [Xom's mischief]
  1965 | D:3      | Gained mutation: You are agile. (Dex +4, Str/Int -1) [Xom's
                  | mischief]
  2606 | D:3      | Reached skill level 1 in Short Blades
  2881 | D:3      | Found an ancient bone altar of Kikubaaqudgha.
  3041 | D:4      | Reached skill level 1 in Evocations
  3097 | D:4      | Found a staircase to the Ecumenical Temple.
  3113 | Temple   | Entered the Ecumenical Temple
  3137 | Temple   | Became a worshipper of Qazlal Stormbringer
  3332 | D:4      | Noticed Natasha
  3336 | D:4      | Killed Natasha
  3337 | D:4      | Gained mutation: A meltable icy envelope protects you from
                  | harm. (AC +8) [demonic ancestry]
  3337 | D:4      | Reached XP level 7. HP: 59/59 MP: 7/7
  3460 | D:4      | XOM: divination: detect items
  3488 | D:4      | Noticed Natasha
  3494 | D:4      | Killed Natasha
  3875 | D:5      | Entered Level 5 of the Dungeon
  3980 | D:5      | Reached * piety under Qazlal
  3980 | D:5      | Noticed a steam dragon
  3982 | D:5      | XOM: 4-stop teleportation journey
  4081 | D:5      | Reached skill level 5 in Evocations
  4280 | D:5      | Reached XP level 8. HP: 45/65 MP: 8/8
  4437 | D:5      | Reached skill level 1 in Invocations
  4448 | D:5      | Noticed a two-headed ogre
  4451 | D:5      | Killed a two-headed ogre
  4452 | D:5      | Reached skill level 5 in Long Blades
  4799 | D:5      | Learned a level 2 spell: Blink
  4803 | D:5      | Learned a level 3 spell: Vhi's Electric Charge
  4806 | D:5      | Learned a level 2 spell: Lesser Beckoning
  4923 | D:6      | Noticed Eustachio
  4939 | D:6      | Killed Eustachio
  4940 | D:6      | Reached XP level 9. HP: 46/71 MP: 10/10
  5278 | D:6      | Reached ** piety under Qazlal
  5409 | D:6      | Found an ornate altar of the Wu Jian Council.
  5413 | D:6      | You fall into a shaft and drop 1 floor!
  5508 | D:7      | Identified the +6 leather armour of the Blushing Gods
                  | {-Tele Rampage rPois Dex-4}
  5715 | D:7      | Noticed lessens's ghost (novice MfCA)
  5726 | D:7      | Found a transporter.
  5751 | D:7      | Reached skill level 2 in Invocations
  5760 | D:7      | Reached skill level 3 in Invocations
  5774 | D:7      | Found a transporter.
  5802 | D:7      | Noticed Menkaure
  5809 | D:7      | Reached skill level 4 in Invocations
  5816 | D:7      | Reached skill level 5 in Invocations
  5823 | D:7      | Killed Menkaure
  5824 | D:7      | Reached skill level 6 in Invocations
  5974 | D:7      | Found a flagged portal.
  6014 | Bailey   | Entered a bailey
  6041 | Bailey   | Reached *** piety under Qazlal
  6101 | Bailey   | XOM: 1-stop teleportation journey
  6128 | Bailey   | Reached skill level 7 in Invocations
  6128 | Bailey   | Gained mutation: A meltable icy envelope protects you from
                  | harm. (AC +8) [demonic ancestry]
  6128 | Bailey   | Reached XP level 10. HP: 65/77 MP: 15/15
  6128 | Bailey   | Noticed an orc knight
  6171 | Bailey   | Reached skill level 9 in Invocations
  6171 | Bailey   | Gained mutation: Spells you cast may paralyse adjacent
                  | enemies. [demonic ancestry]
  6171 | Bailey   | Reached XP level 11. HP: 86/86 MP: 15/18
  6197 | Bailey   | Killed an orc knight
  6198 | Bailey   | Reached skill level 10 in Invocations
  6536 | D:7      | XOM: noise
  6686 | D:7      | Noticed a two-headed ogre
  6693 | D:7      | Killed a two-headed ogre
  6803 | D:8      | Noticed Maurice
  6810 | D:8      | Killed Maurice
  6811 | D:8      | Reached skill level 10 in Long Blades
  6898 | D:8      | Noticed Lance11888's ghost (novice DrWn)
  6899 | D:8      | Noticed a red ugly thing
  6908 | D:8      | Found a runed translucent gate.
  6908 | D:8      | Found a runed translucent gate.
  6917 | D:8      | Found a sand-covered staircase.
  7008 | Ossuary  | Entered an ossuary
  7160 | Ossuary  | Reached **** piety under Qazlal
  7344 | D:8      | XOM: noise
  7363 | D:8      | Found a runed translucent gate.
  7422 | D:8      | Found Roitexzo's Assorted Antiques.
  7427 | D:8      | Bought a glowing scimitar for 189 gold pieces
  7622 | D:8      | Noticed a +0 falchion
  7623 | D:8      | Noticed a +0 dagger
  7624 | D:8      | Noticed a +0 short sword
  7625 | D:8      | Noticed a +0 dagger
  7625 | D:8      | Noticed a +0 spear
  7626 | D:8      | Noticed a +0 short sword
  7626 | D:8      | Noticed a +0 falchion
  7626 | D:8      | Noticed a +0 spear
  7668 | D:8      | Noticed Grum
  7676 | D:8      | Killed Grum
  7752 | D:8      | Noticed Maggie
  7780 | D:8      | Killed Maggie
  7866 | D:8      | Found an opulent altar of Gozag.
  7867 | D:8      | Found an iron altar of Okawaru.
  7926 | D:8      | Noticed a two-headed ogre
  7931 | D:8      | Killed a two-headed ogre
  7969 | D:8      | Noticed a wolf spider
  8030 | D:8      | Found a hide-covered altar of Uskayaw.
  8088 | D:8      | Found a radiant altar of Vehumet.
  8166 | D:8      | Noticed a satyr
  8176 | D:8      | a satyr changed into a goliath frog
  8176 | D:8      | Noticed a goliath frog (shapeshifter)
  8248 | D:9      | Reached ***** piety under Qazlal
  8263 | D:9      | Lost mutation: You are occasionally teleported next to
                  | monsters. [potion of mutation]
  8263 | D:9      | Lost mutation: You are agile. (Dex +4, Str/Int -1) [potion
                  | of mutation]
  8263 | D:9      | Lost mutation: You have a pair of small horns on your head.
                  | [potion of mutation]
  8263 | D:9      | Gained mutation: You have sharp toenails. [potion of
                  | mutation]
  8263 | D:9      | Gained mutation: You are vulnerable to heat. (rF-) [potion
                  | of mutation]
  8264 | D:9      | Lost mutation: You occasionally lose the ability to drink
                  | potions when taking damage. [potion of mutation]
  8264 | D:9      | Lost mutation: You are vulnerable to heat. (rF-) [potion of
                  | mutation]
  8264 | D:9      | Lost mutation: You are vulnerable to cold. (rC-) [potion of
                  | mutation]
  8264 | D:9      | Gained mutation: You have supernaturally acute eyesight.
                  | (SInv) [potion of mutation]
  8264 | D:9      | Gained mutation: Your system is resistant to poisons.
                  | (rPois) [potion of mutation]
  8264 | D:9      | Gained mutation: You expend magic power (3 MP) to
                  | strengthen your wands. [potion of mutation]
  8291 | D:9      | Found a sparkling altar of Nemelex Xobeh.
  8384 | D:9      | Noticed a two-headed ogre
  8391 | D:9      | Killed a two-headed ogre
  8678 | D:9      | Found a blossoming altar of Fedhas.
  8730 | D:9      | Found a broken altar of Ashenzari.
  8857 | D:10     | Entered Level 10 of the Dungeon
  8873 | D:10     | Noticed a two-headed ogre
  8881 | D:10     | Killed a two-headed ogre
  8882 | D:10     | Reached XP level 12. HP: 94/94 MP: 19/19
  9118 | D:10     | XOM: summons 1 hostile demon
  9180 | D:10     | Found a staircase to the Lair.
  9417 | D:11     | Noticed Sonja
  9427 | D:11     | Killed Sonja
  9518 | D:11     | XOM: god gift: scroll of blinking
  9794 | D:11     | XOM: noise
 10047 | D:11     | XOM: noise
 10123 | Lair:1   | Entered Level 1 of the Lair of Beasts
 10140 | Lair:1   | Noticed a boulder beetle
 10150 | Lair:1   | Killed a boulder beetle
 10288 | Lair:1   | Reached skill level 5 in Dodging
 10360 | Lair:1   | XOM: summons 4 hostile shadow creatures
 10734 | Lair:1   | XOM: noise
 10864 | Lair:1   | XOM: torment (49/95 hp)
 11196 | Lair:2   | Noticed Nergalle
 11203 | Lair:2   | Noticed a death yak
 11205 | Lair:2   | Noticed a death yak
 11206 | Lair:2   | Noticed a death yak
 11218 | Lair:1   | Killed a death yak
 11253 | Lair:2   | Identified the +2 rapier of Conformity {freeze, rF+}
 11327 | Lair:2   | XOM: give mutations
 11327 | Lair:2   | Lost mutation: You expend magic power (3 MP) to strengthen
                  | your wands. [Xom's mischief]
 11327 | Lair:2   | Gained mutation: You have hidden genetic defects. [Xom's
                  | mischief]
 11358 | Lair:2   | XOM: noise
 11358 | Lair:2   | Was forgiven by Xom
 11415 | Lair:2   | Lost mutation: You have supernaturally acute eyesight.
                  | (SInv) [potion of mutation]
 11415 | Lair:2   | Lost mutation: You have sharp toenails. [potion of
                  | mutation]
 11415 | Lair:2   | Gained mutation: You occasionally lose the ability to drink
                  | potions when taking damage. [potion of mutation]
 11415 | Lair:2   | Gained mutation: You possess an exceptional clarity of
                  | mind. [potion of mutation]
 11416 | Lair:2   | Lost mutation: You occasionally lose the ability to drink
                  | potions when taking damage. [potion of mutation]
 11416 | Lair:2   | Lost mutation: Your system is resistant to poisons. (rPois)
                  | [potion of mutation]
 11416 | Lair:2   | Lost mutation: You have hidden genetic defects. [potion of
                  | mutation]
 11416 | Lair:2   | Gained mutation: Your system is resistant to poisons.
                  | (rPois) [potion of mutation]
 11416 | Lair:2   | Gained mutation: Your muscles are strong. (Str +4, Int/Dex
                  | -1) [potion of mutation]
 11416 | Lair:2   | Gained mutation: You occasionally lose the ability to drink
                  | potions when taking damage. [potion of mutation]
 11417 | Lair:2   | Lost mutation: Your system is resistant to poisons. (rPois)
                  | [potion of mutation]
 11417 | Lair:2   | Lost mutation: Your muscles are strong. (Str +4, Int/Dex
                  | -1) [potion of mutation]
 11417 | Lair:2   | Lost mutation: You possess an exceptional clarity of mind.
                  | [potion of mutation]
 11417 | Lair:2   | Gained mutation: Your body sometimes deteriorates upon
                  | taking damage. [potion of mutation]
 11417 | Lair:2   | Gained mutation: You have large cloven feet. [potion of
                  | mutation]
 11432 | Lair:2   | Reached skill level 5 in Armour
 11570 | Lair:2   | Killed a death yak
 11572 | Lair:2   | Reached skill level 11 in Invocations
 11574 | Lair:2   | Killed a death yak
 11600 | Lair:2   | Killed Nergalle
 11601 | Lair:2   | Gained mutation: You have a tail ending in a sharp stinger.
                  | [demonic ancestry]
 11601 | Lair:2   | Reached XP level 13. HP: 82/100 MP: 19/21
 11749 | Lair:2   | Reached skill level 1 in Throwing
 11863 | Lair:2   | Noticed Urug
 11876 | Lair:2   | Killed Urug
 12088 | Lair:2   | Found a staircase to the Shoals.
 12395 | Lair:3   | Reached skill level 5 in Throwing
 12466 | Lair:3   | Found a staircase to the Snake Pit.
 12962 | Lair:4   | Noticed Rupert
 12980 | Lair:4   | Killed Rupert
 13218 | Lair:4   | Found a viscous altar of Jiyva.
 13218 | Lair:4   | Found a staircase to the Slime Pits.
 13752 | Lair:5   | Entered Level 5 of the Lair of Beasts
 13765 | Lair:5   | Reached skill level 10 in Evocations
 13814 | Lair:5   | Reached skill level 12 in Invocations
 13823 | Lair:5   | Gained mutation: When seriously injured, your blood forms
                  | armour. (AC +9) [demonic ancestry]
 13823 | Lair:5   | Reached XP level 14. HP: 108/108 MP: 23/23
 13985 | Lair:5   | Reached ****** piety under Qazlal
 14382 | Lair:5   | Reached skill level 13 in Invocations
 15152 | D:12     | Found Ungyty's Weapon Shop.
 15152 | D:12     | Found a staircase to the Orcish Mines.
 15152 | D:12     | Found Yddoem's Armour Shop.
 16261 | D:13     | Reached skill level 1 in Shields
 16388 | D:13     | Found a gate leading to a gauntlet.
 16397 | Gauntlet | Entered a Gauntlet
 16397 | Gauntlet | Found a transporter.
 16400 | Gauntlet | Found a transporter.
 16419 | Gauntlet | Found a transporter.
 16420 | Gauntlet | Found a transporter.
 16430 | Gauntlet | Found a transporter.
 16450 | Gauntlet | Found a transporter.
 16453 | Gauntlet | Found a transporter.
 16457 | Gauntlet | Found a transporter.
 16488 | Gauntlet | Found a transporter.
 16496 | Gauntlet | Found a transporter.
 16496 | Gauntlet | Found a transporter.
 16499 | Gauntlet | Noticed a quicksilver ooze
 16504 | Gauntlet | Found a transporter.
 16939 | D:13     | Noticed innerfire43's ghost (journeyman DsMo)
 16951 | D:13     | Found a transporter.
 16954 | D:13     | Found a transporter.
 16976 | D:13     | Reached skill level 5 in Shields
 16995 | D:13     | Killed innerfire43's ghost
 17603 | Orc:1    | Entered Level 1 of the Orcish Mines
 17609 | Orc:1    | Paralysed by an orc sorcerer for 5 turns
 17731 | Orc:1    | Found a shimmering blue altar of Sif Muna.
 17874 | Orc:2    | Entered Level 2 of the Orcish Mines
 17880 | Orc:2    | Gained mutation: You have a sharp stinger which inflicts
                  | weakening toxins. [demonic ancestry]
 17880 | Orc:2    | Reached XP level 15. HP: 114/114 MP: 25/25
 18113 | Orc:2    | Noticed Azrael
 18129 | Orc:1    | Found a burning altar of Makhleb.
 18164 | Orc:2    | Killed Azrael
 18251 | Orc:2    | Found a dark tunnel.
 18260 | Volcano  | Entered a volcano
 18400 | Volcano  | Reached skill level 14 in Invocations
 18733 | Orc:2    | Found a staircase to the Elven Halls.
 18843 | Orc:2    | Found a runed translucent door.
 18961 | Orc:2    | Found Heecygu's Assorted Antiques.
 18961 | Orc:2    | Found Giun's Distillery.
 18964 | Orc:2    | Found Qurchul's Assorted Antiques.
 18964 | Orc:2    | Found Bucif's Book Shop.
 18970 | Orc:2    | Bought a twisted jasper amulet for 120 gold pieces
 18972 | Orc:2    | Bought a potion of haste for 280 gold pieces
 18972 | Orc:2    | Bought a scroll of enchant armour for 210 gold pieces
 18975 | Orc:2    | Bought a potion of mutation for 112 gold pieces
 18975 | Orc:2    | Bought a potion of heal wounds for 70 gold pieces
 18975 | Orc:2    | Bought a potion of might for 56 gold pieces
 18975 | Orc:2    | Bought a potion of mutation for 112 gold pieces
 18977 | Orc:2    | Lost mutation: Your body sometimes deteriorates upon taking
                  | damage. [potion of mutation]
 18977 | Orc:2    | Lost mutation: You occasionally lose the ability to drink
                  | potions when taking damage. [potion of mutation]
 18977 | Orc:2    | Lost mutation: You have large cloven feet. [potion of
                  | mutation]
 18977 | Orc:2    | Gained mutation: You have a pair of small antennae on your
                  | head. [potion of mutation]
 18977 | Orc:2    | Gained mutation: Your system is resistant to poisons.
                  | (rPois) [potion of mutation]
 19182 | Orc:2    | Reached skill level 1 in Translocations
 19329 | Orc:2    | Reached skill level 1 in Spellcasting
 19329 | Orc:2    | Reached skill level 1 in Air Magic
 19650 | Orc:2    | Lost mutation: Your system is resistant to poisons. (rPois)
                  | [potion of mutation]
 19650 | Orc:2    | Lost mutation: You have a pair of small antennae on your
                  | head. [potion of mutation]
 19650 | Orc:2    | Gained mutation: Your flesh is cold resistant. (rC+)
                  | [potion of mutation]
 19650 | Orc:2    | Gained mutation: You are resistant to electric shocks.
                  | (rElec) [potion of mutation]
 19650 | Orc:2    | Gained mutation: You have large cloven feet. [potion of
                  | mutation]
 19650 | Orc:2    | Gained mutation: You have a pair of small antennae on your
                  | head. [potion of mutation]
 19837 | Snake:1  | Entered Level 1 of the Snake Pit
 20040 | Snake:1  | Reached skill level 15 in Invocations
 20368 | Elf:1    | Entered Level 1 of the Elven Halls
 20400 | Elf:1    | Paralysed by a floating eye for 2 turns
 20461 | Elf:1    | Reached skill level 16 in Invocations
 20528 | Elf:1    | Gained mutation: When seriously injured, your blood forms
                  | thick armour. (AC +9) [demonic ancestry]
 20528 | Elf:1    | Reached XP level 16. HP: 120/120 MP: 25/28
 20733 | Abyss:2  | Cast into level 2 of the Abyss (a deep elf sorcerer)
 20750 | Elf:1    | Escaped the Abyss
 20763 | Orc:2    | Reached skill level 5 in Translocations
 20864 | Elf:1    | Reached skill level 5 in Air Magic
 20989 | Elf:1    | Lost mutation: You have a pair of small antennae on your
                  | head. [potion of mutation]
 20989 | Elf:1    | Lost mutation: You have large cloven feet. [potion of
                  | mutation]
 20989 | Elf:1    | Gained mutation: You occasionally lose the ability to drink
                  | potions when taking damage. [potion of mutation]
 20989 | Elf:1    | Gained mutation: You are strong-willed. (Will+) [potion of
                  | mutation]
 21006 | Elf:1    | Found Monifego's Book Shop.
 21156 | Elf:1    | Got the Papyrus of the Volley and the Congregation
 21676 | Elf:2    | Found a crumbling gateway.
 21685 | Desolati | Entered the Desolation of Salt
 21728 | Desolati | Identified the +7 scimitar of War {vamp, rPois rF+}
 21819 | Desolati | Reached skill level 17 in Invocations
 21843 | Desolati | Identified the ring of Beexe {Fire rElec rPois Dex-3
                  | Stlth+}
 21858 | Desolati | Identified the amulet of Attitude {RegenMP rPois Slay+2}
 21861 | Desolati | Identified the ring "Ifist" {rPois Stlth+}
 22113 | Desolati | Identified the scarf of Makhleb's Grace {shadows, rN+++
                  | Str-2 Int-3 Stlth+}
 22180 | Desolati | Reached skill level 18 in Invocations
 22298 | Desolati | Reached XP level 17. HP: 104/126 MP: 30/30
 22352 | Desolati | Got the Elucidation of the Barrage
 22432 | Desolati | Identified the +1 spear "Umaw" {drain, rElec rPois Int-5}
 22691 | Desolati | Got Gloorx Vloq's Handbook of the Crypt
 22698 | Desolati | Got the Codex of Hazy Diablerie
 22700 | Desolati | Identified the +6 mace of the Pharaoh's Fist {elec, rC+ rN+
                  | Int+2}
 22922 | Elf:2    | Reached skill level 10 in Fighting
 23021 | Elf:2    | Found a runed translucent gate.
 23021 | Elf:2    | Found a runed translucent gate.
 23021 | Elf:2    | Found a runed translucent gate.
 23032 | Elf:2    | Noticed Aseqaof's ghost (journeyman GnWn)
 23334 | Elf:2    | Found Qobiy's Magic Scroll Shop.
 23337 | Elf:2    | Bought a scroll of fear for 52 gold pieces
 23337 | Elf:2    | Bought a scroll of noise for 13 gold pieces
 23337 | Elf:2    | Bought a scroll of teleportation for 39 gold pieces
 23337 | Elf:2    | Bought a scroll of immolation for 52 gold pieces
 23337 | Elf:2    | Bought a scroll of teleportation for 39 gold pieces
 23337 | Elf:2    | Bought a scroll of poison for 52 gold pieces
 23337 | Elf:2    | Bought a scroll of teleportation for 39 gold pieces
 23337 | Elf:2    | Bought a scroll of teleportation for 39 gold pieces
 23438 | Elf:2    | Found a runed translucent gate.
 23439 | Elf:2    | Found a runed translucent gate.
 23439 | Elf:2    | Found a runed translucent gate.
 23486 | Elf:2    | Paralysed by an air elemental for 1 turns
 23724 | Elf:3    | Entered Level 3 of the Elven Halls
 23884 | Elf:3    | Reached skill level 10 in Dodging
 24021 | Elf:3    | Reached skill level 1 in Stealth
 24499 | Elf:3    | Reached skill level 5 in Spellcasting
 24681 | Abyss:2  | Cast into level 2 of the Abyss (a deep elf demonologist)
 24699 | Abyss:2  | Found a runed translucent gate.
 24700 | Abyss:2  | Found a runed translucent gate.
 24700 | Abyss:2  | Found a runed translucent gate.
 24700 | Abyss:2  | Found a runed translucent gate.
 24701 | Abyss:2  | Found a runed translucent gate.
 24765 | Abyss:2  | Reached XP level 18. HP: 131/136 MP: 29/31
 24765 | Abyss:2  | Found a corrupted altar of Lugonu.
 24936 | Abyss:2  | Noticed a tentacled monstrosity
 24942 | Abyss:2  | Found a corrupted altar of Lugonu.
 24984 | Abyss:2  | Noticed a Hell Sentinel
 25048 | Elf:3    | Escaped the Abyss
 25072 | Abyss:3  | Found a corrupted altar of Lugonu.
 25072 | Abyss:3  | Cast into level 3 of the Abyss (a deep elf demonologist)
 25231 | Abyss:3  | Gained mutation: You are frail. (-10% HP) [a neqoxec]
 25251 | Abyss:3  | Learned a level 4 spell: Passage of Golubria
 25254 | Abyss:3  | Found a corrupted altar of Lugonu.
 25392 | Abyss:3  | Noticed a lich
 25410 | Abyss:3  | Reached skill level 19 in Invocations
 25430 | Abyss:3  | Got an abyssal rune of Zot
 25458 | Abyss:3  | Blown up by a lich

Illustrated notes

Levels and vault maps discovered:
D:1:      nicolae_arrival_escape_room, layout_loops_corners,
          ebering_ecumenical_altar_box, reono_crystal_passage
D:2:      layout_basic, chequers_jeans, uniq_sigmund, uniq_terence
D:3:      layout_loops_cross, mainiacjoe_overflow_24_doors,
          serial_bayou_crossing, uniq_ijyb
D:4:      layout_rooms, minmay_temple_entry_offerings, uniq_natasha
D:5:      layout_basic, st_stairs_4, nicolae_wormholes
D:6:      layout_rooms, mainiacjoe_overflow_catwalk, uniq_eustachio
D:7:      layout_loops_ring, enter_bailey_4, gammafunk_ghost_stat_death,
          uniq_menkaure
D:8:      minmay_angry_zag, layout_loops_ring, mainiacjoe_overflow_paths,
          nicolae_uskayaw_en_pointe, nicolae_overflow_squiral,
          gammafunk_ghost_split, enter_ossuary_5, serial_shops,
          nicolae_shop_pleasant_corner_grove, uniq_grum, uniq_maurice,
          uniq_maggie
D:9:      layout_gridville, lemuel_doored_altar, fedhas_altar_3,
          mainiacjoe_overflow_boulevard
D:10:     minmay_weird_star, layout_rooms, lair_entry_dummy
D:11:     layout_long_grid, uniq_sonja
D:12:     layout_grid_maze, orc_david_3
D:13:     layout_loops_ring, grunt_vaults_entry_fortified,
          gammafunk_ghost_arena, gauntlet_entry_generic
Temple:   nicolae_temple_ecumenical_triangle
Lair:1:   layout_cave_shapes, st_stairs_7, grunt_megastairs_4
Lair:2:   layout_chaotic_city, elwin_shoals_entry_stream, lemuel_fruit_tree,
          uniq_urug, uniq_nergalle
Lair:3:   layout_big_grid, minmay_snake_entry_six_corridors
Lair:4:   layout_loops_ring, dpeg_slime_entry_corner, beast_lair_carwin_10,
          uniq_rupert
Lair:5:   grunt_lair_end_beastmaster, layout_loops_ring, grunt_megastairs_5,
          serial_bayou_shore_b
Snake:1:  layout_onion, gammafunk_ghost_abyssal_escape
Orc:1:    layout_caves, basic_altar, kennysheep_orc_sif_temple
Orc:2:    grunt_orc_tribal_feast, layout_caves, enter_volcano_4,
          nicolae_orc_rockfall, lightli_church_of_beogh, uniq_azrael
Elf:1:    layout_loops_ring, serial_shops, shop, minmay_elf_sorcery,
          hellmonk_bongcloud_opening, billiards_dpeg
Elf:2:    nicolae_elf_blades_crystal_corner, layout_loops_cross,
          portal_desolation_entry_garden, ebering_ghost_rock_garden,
          serial_shops, nicolae_shop_rolled_up, grunt_ministairs_13
Elf:3:    elf_hall_gauntlet_wide, layout_geoelf_castle, serial_glass,
          glass_columns_a, glass_columns_a, glass_columns_c
Abyss:3:  base: Snake:3, minivault_4, nicolae_abyss_rune_star_stuff,
          hangedman_abyss_or_decor_stagger, minivault_13, hangedman_abyss_sting,
          grunt_abyss_rune_forest_and_sorcery

Skill      XL: |  1  2  3  4  5  6  7  8  9 10 11 12 13 14 15 16 17 18 |
---------------+-------------------------------------------------------+-----
Unarmed Combat | 3 |  3.3
Fighting       | 4 6 8 9 10 | 10.8
Short Blades   | 1 |  1.8
Evocations     | 2 6 10 | 10.0
Invocations    | 1 7 9 10 11 12 13 16 18 19 | 19.2
Long Blades    | 6 8 9 12 13 | 13.9
Armour         | 3 5 7 8 |  8.4
Dodging        | 4 5 6 7 10 | 10.0
Throwing       | 6 |  6.0
Shields        | 6 9 |  9.1
Translocations | 4 7 8 |  8.6
Spellcasting   | 2 4 5 |  5.9
Air Magic      | 3 6 7 8 |  8.3
Stealth        | 4 |  4.3

Action                     |  1- 3 |  4- 6 |  7- 9 | 10-12 | 13-15 | 16-18 || total
---------------------------+-------+-------+-------+-------+-------+-------++-------
  Melee: Unarmed           |    39 |       |       |       |       |       ||    39
         Whip              |    25 |   104 |    92 |       |       |       ||   221
         Tailslap          |     9 |    14 |    55 |   118 |   323 |   266 ||   785
         Headbutt          |       |    10 |    78 |    96 |       |       ||   184
         Long sword        |       |       |   181 |   402 |       |       ||   583
         Scimitar          |       |       |       |   171 |  1267 |  1056 ||  2494
         Demon blade       |       |       |       |       |       |   146 ||   146
  Throw: Dart              |       |       |       |     2 |     4 |       ||     6
         Javelin           |       |       |       |       |     1 |       ||     1
   Cast: Vhi's Electric Ch |       |       |       |       |       |    60 ||    60
 Invoke: Renounce Religion |     1 |       |       |       |       |       ||     1
         Upheaval          |       |       |       |     4 |     9 |     6 ||    19
         Elemental Force   |       |       |       |     1 |     3 |       ||     4
         Disaster Area     |       |       |       |       |     1 |     5 ||     6
  Evoke: Wand              |       |       |     9 |    17 |    20 |    14 ||    60
         Condenser vane    |       |       |       |     1 |     4 |     4 ||     9
         Phial of floods   |       |       |       |       |     2 |     2 ||     4
    Use: Potion            |       |     3 |     1 |     6 |     5 |    11 ||    26
         Scroll            |       |     3 |     6 |    14 |     5 |    13 ||    41
   Stab: Paralysed         |       |       |     2 |     6 |       |    16 ||    24
         Petrified         |       |       |       |       |     3 |       ||     3
         Distracted        |       |       |       |       |     1 |     2 ||     3
 Armour: Robe              |     7 |       |       |       |       |       ||     7
         Ring mail         |     3 |    17 |       |       |       |       ||    20
         Plate armour      |       |    15 |    75 |       |       |       ||    90
         Steam dragon scal |       |       |    70 |    53 |       |       ||   123
         Swamp dragon scal |       |       |       |   104 |   381 |   277 ||   762
  Dodge: Dodged            |    43 |    35 |   131 |   289 |   470 |   387 ||  1355
         Repelled          |       |       |       |     2 |    15 |    34 ||    51
  Block: Orb               |       |    12 |    81 |   205 |   235 |       ||   533
         Kite shield       |       |       |       |       |   785 |  1172 ||  1957

Table legend: (Time is in decaauts)
 A = Elapsed time spent in this place.
 B = Non-inter-level travel time spent in this place.
 C = Inter-level travel time spent in this place.
 D = Time resting spent in this place.
 E = Time spent auto-exploring this place.
 F = Levels seen in this place.
 G = Mean time per level.
                   A        B        C        D        E       F      G
               +--------+--------+--------+--------+--------+-----+--------+
         Total |  24916 |  23659 |   1257 |   1847 |  14504 |  33 |  755.0 |
       Dungeon |  11588 |  10932 |    656 |    813 |   7624 |  13 |  891.4 |
        Temple |     29 |     29 |      0 |      0 |      0 |   1 |   29.0 |
          Lair |   4872 |   4547 |    325 |     74 |   3567 |   5 |  974.4 |
     Snake Pit |    262 |    237 |     25 |      0 |     78 |   1 |  262.0 |
  Orcish Mines |   2217 |   2023 |    194 |    323 |   1032 |   2 | 1108.5 |
   Elven Halls |   2666 |   2612 |     54 |     57 |   1646 |   3 |  888.7 |
         Abyss |    706 |    706 |      0 |     88 |      2 |   3 |  235.3 |
       Ossuary |    302 |    302 |      0 |      0 |     43 |   1 |  302.0 |
        Bailey |    390 |    390 |      0 |    147 |     18 |   1 |  390.0 |
       Volcano |    291 |    291 |      0 |      4 |     55 |   1 |  291.0 |
    Desolation |   1066 |   1066 |      0 |    112 |    265 |   1 | 1066.0 |
      Gauntlet |    522 |    522 |      0 |    229 |    173 |   1 |  522.0 |
               +--------+--------+--------+--------+--------+-----+--------+

Top non-repeatable levels by time:
   Orc:2: 1716 daAuts
    D:12: 1334 daAuts
     D:3: 1326 daAuts
  Lair:1: 1117 daAuts
  Lair:5: 1105 daAuts
  Lair:2: 1102 daAuts
Desolation: 1066 daAuts
     D:8: 1061 daAuts
     D:5: 1055 daAuts
     D:1: 1054 daAuts
   Elf:3: 954 daAuts
   Elf:1: 901 daAuts
     D:7: 888 daAuts
   Elf:2: 809 daAuts
  Lair:4: 802 daAuts
